 Dungeon Crawl Stone Soup version 0.28-a0-1087-gf3fc490d9d (webtiles) character file.

Game seed: 7235760902718555725

288 coolguy420 the Conjurer (level 6, -4/32 HPs)
             Began as a Deep Elf Conjurer on Dec 10, 2021.
             Was a Believer of Kikubaaqudgha.
             Slain by a lemure (7 damage)
             ... led by Pikel
             ... on level 4 of the Dungeon.
             The game lasted 00:07:47 (3696 turns).

coolguy420 the Conjurer (Deep Elf Conjurer)         Turns: 3696, Time: 00:07:48

Health: -4/32      AC:  2    Str:  4    XL:     6   Next: 9%
Magic:  3/15       EV: 12    Int: 25    God:    Kikubaaqudgha [**....]
Gold:   104        SH:  0    Dex: 13    Spells: 9/14 levels left

rFire   . . .      SeeInvis .   e - staff of cold
rCold   + . .      Faith    .   (no shield)
rNeg    . . .      Spirit   .   a - +0 robe
rPois   .          Reflect  .   (no helmet)
rElec   .          Harm     .   (no cloak)
rCorr   .          Rampage  .   (no gloves)
Will    .....                   (no boots)
Stlth   +++.......              (no amulet)
HPRegen 0.10/turn               (no ring)
MPRegen 0.14/turn               (no ring)

@: no status effects
A: no striking features
a: Renounce Religion, Receive Corpses


You were on level 4 of the Dungeon.
You worshipped Kikubaaqudgha.
Kikubaaqudgha was pleased with you.
You visited 1 branch of the dungeon, and saw 4 of its levels.

You collected 104 gold pieces.

Inventory:

Armour
 a - a +0 robe (worn)
Magical Staves
 e - a staff of cold (weapon)
Jewellery
 b - a ring of fire
 k - a +4 ring of evasion
Scrolls
 c - 2 scrolls of fog {unknown}
 d - a scroll of identify {unknown}
 f - a scroll of fear {unknown}
 h - a scroll of enchant armour {unknown}
 i - a scroll of blinking {unknown}
Potions
 g - a potion of curing {unknown}
 j - a potion of attraction {unknown}


   Skills:
 + Level 2.9 Dodging
 + Level 4.1 Stealth
 + Level 4.9 Spellcasting
 + Level 6.6 Conjurations


You had 9 spell levels left.
You knew the following spells:

 Your Spells              Type           Power      Damage    Failure   Level
a - Magic Dart            Conj           100%       1d8       1%          1
b - Searing Ray           Conj           78%        2d7       1%          2
c - Animate Skeleton      Necr           12%        N/A       9%          1
d - Freeze                Ice            36%        1d6       9%          1

Your spell library contained the following spells:

 Spells                   Type           Power      Damage    Failure   Level
 Dazzling Flash           Conj/Hex       44%        N/A       6%          3
 Pain                     Necr           24%        1d5       9%          1
 Mephitic Cloud           Conj/Pois/Air  17%        N/A       10%         3
 Sublimation of Blood     Necr           6%         N/A       13%         2
 Fulminant Prism          Conj/Hex       11%        3d9       22%         4
 Hailstorm                Conj/Ice       34%        3d9       22%         4
 Iskenderun's Mystic Bla  Conj/Tloc      22%        2d6       22%         4
 Frozen Ramparts          Ice            18%        1d3       26%         3
 Ignite Poison            Fire/Tmut/Pois 6%         N/A       26%         3
 Vampiric Draining        Necr           6%         2d6       26%         3
 Summon Lightning Spire   Summ/Air       6%         N/A       63%         4
 Freezing Cloud           Conj/Ice/Air   12%        6-21      67%         5
 Storm Form               Tmut/Air       3%         N/A       100%        7
 Maxwell's Capacitive Co  Air            3%         ∞         100%        8


Dungeon Overview and Level Annotations

Branches:
Dungeon (4/15)
 Temple: D:4-7

Altars:
Kikubaaqudgha
Uskayaw

Shops:
D:1 [

Annotations:
D:4 Pikel


Message History

The lemure is almost dead.
The searing ray misses Pikel.
The searing ray hits the lemure.
The lemure is moderately wounded.
You finish channelling your searing ray.
The lemure misses you.
An orc comes into view. It is wielding a +0 hand axe.
The lemure hits you. The lemure closely misses you. The lemure misses you.
Pikel hits you with a +2 whip of freezing.
Casting: Searing Ray (safe; 1% risk of failure)
Confirm with . or Enter, or press ? or * to list all spells.
Aiming: Searing Ray (safe; 1% risk of failure)
Press: ? - help, Shift-Dir - straight line, f/p - lemure
Aim: a lemure (almost dead, 76% to hit)
The searing ray hits the lemure.
The lemure is almost dead.
The searing ray hits the lemure.
The lemure is moderately wounded. (Press . to maintain the ray.)
The lemure hits you! The lemure barely misses you.
Pikel hits you with a +2 whip of freezing.
The searing ray hits the lemure.
You kill the lemure!
That felt strangely unrewarding.
The searing ray misses the lemure.
The searing ray hits the lemure.
The lemure is lightly wounded.
The lemure hits you.
Pikel hits you with a +2 whip of freezing!
* * * LOW HITPOINT WARNING * * *
Pikel freezes you.
* * * LOW HITPOINT WARNING * * *
The searing ray hits the lemure!
The lemure is severely wounded.
The searing ray hits the orc.
The orc is moderately wounded.
The lemure hits you.
* * * LOW HITPOINT WARNING * * *
Pikel barely misses you. The lemure hits you!
You die...
Kikubaaqudgha rasps: "You have failed me!
Welcome... death!"

... ..# ..# #.####..#
.....#..# #.##.#5.#
#.##.##.#K.##...
#.......@5o...#
#.##.##.#5......
#########.##.##.#.######
.<..............#.#
##########.#.####.# ####
#.#.# .# .†.# #.#.# .#
##.# ##.#.# .#
#.######....#


You could see Pikel, 3 lemures and an orc.

Vanquished Creatures
  A lemure (D:4)
  A jelly (D:4)
  An orc priest (D:3)
  Jessica (D:2)
  An orc wizard (D:3)
  4 adders
  4 gnolls (D:2)
  An adder skeleton (D:4)
  A worm (D:3)
  2 dart slugs
  13 orcs
  6 ball pythons
  6 endoplasms
  5 giant cockroaches
  2 goblins (D:1)
  10 hobgoblins
  2 quokkas (D:1)
  5 bats
  3 frilled lizards
  7 kobolds
  8 rats
84 creatures vanquished.

Notes
Turn   | Place    | Note
-------+----------+-------------------------------------------
     0 | D:1      | coolguy420 the Deep Elf Conjurer began the quest for the
                  | Orb.
     0 | D:1      | Reached XP level 1. HP: 10/10 MP: 6/6
   129 | D:1      | Reached XP level 2. HP: 15/15 MP: 5/8
   333 | D:1      | Found Plog's Armour Emporium.
   582 | D:1      | Reached skill level 5 in Conjurations
   784 | D:1      | Reached XP level 3. HP: 19/19 MP: 6/9
   821 | D:1      | Found a faded altar of an unknown god.
   830 | D:1      | Prayed at the altar of an unknown god.
   830 | D:1      | Became a worshipper of Kikubaaqudgha
   830 | D:1      | Reached * piety under Kikubaaqudgha
   830 | D:1      | Received a gift from Kikubaaqudgha
   838 | D:1      | Learned a level 2 spell: Searing Ray
  1000 | D:2      | Learned a level 1 spell: Animate Skeleton
  1312 | D:2      | Noticed Jessica
  1316 | D:2      | Killed Jessica
  1317 | D:2      | Reached XP level 4. HP: 24/24 MP: 7/11
  1383 | D:2      | Learned a level 1 spell: Freeze
  1844 | D:2      | Reached ** piety under Kikubaaqudgha
  1845 | D:2      | Reached skill level 6 in Conjurations
  2374 | D:3      | Reached XP level 5. HP: 28/28 MP: 2/12
  2868 | D:3      | Found a hide-covered altar of Uskayaw.
  3573 | D:4      | Reached XP level 6. HP: 32/32 MP: 10/15
  3686 | D:4      | Noticed Pikel
  3696 | D:4      | Slain by a lemure

Illustrated notes

Levels and vault maps discovered:
D:1:      psy_arrival_terrarium, layout_loops_ring, basic_ecumenical_altar,
          serial_shops, nicolae_shop_temple_entry_statues_fountains,
          st_stairs_7, chequers_serial_rivers_micro_c
D:2:      layout_basic, nicolae_underground_beach, uniq_jessica
D:3:      minmay_skewed_foursquare, layout_loops_ring, nicolae_uskayaw_suspiria
D:4:      layout_loops_ring, kennysheep_mini, uniq_pikel

Skill      XL: |  1  2  3  4  5 |
---------------+----------------+-----
Conjurations   | 5 6 |  6.6
Stealth        | 3 4 |  4.1
Spellcasting   | 4 |  4.9
Dodging        | |  2.9

Action                   |  1- 3 |  4- 6 || total
-------------------------+-------+-------++-------
 Cast: Magic Dart        |    61 |   104 ||   165
       Searing Ray       |       |     5 ||     5
  Use: Scroll            |       |     1 ||     1
Dodge: Dodged            |     5 |    10 ||    15

Table legend: (Time is in decaauts)
 A = Elapsed time spent in this place.
 B = Non-inter-level travel time spent in this place.
 C = Inter-level travel time spent in this place.
 D = Time resting spent in this place.
 E = Time spent auto-exploring this place.
 F = Levels seen in this place.
 G = Mean time per level.
                   A        B        C        D        E       F      G
               +--------+--------+--------+--------+--------+-----+--------+
         Total |   3695 |   3695 |      0 |    112 |   3134 |   4 |  923.8 |
       Dungeon |   3695 |   3695 |      0 |    112 |   3134 |   4 |  923.8 |
               +--------+--------+--------+--------+--------+-----+--------+

Top non-repeatable levels by time:
     D:2: 1368 daAuts
     D:3: 1180 daAuts
     D:1: 993 daAuts
     D:4: 152 daAuts
